 Dungeon Crawl Stone Soup version 0.28.0-45-g0d030f2227 (webtiles) character file.

Game seed: 6828522112588759921

79 jimonade the Magician (level 4, -2/32 HPs)
             Began as a Gnoll Hedge Wizard on Apr 6, 2022.
             Slain by a gnoll
             ... wielding a +0 halberd
              (12 damage)
             ... on level 2 of the Dungeon.
             The game lasted 00:04:43 (2500 turns).

jimonade the Magician (Gnoll Hedge Wizard)          Turns: 2500, Time: 00:04:44

Health: -2/32      AC:  3    Str: 12    XL:     4   Next: 37%
Magic:  9/13       EV: 13    Int: 13    God:
Gold:   79         SH:  0    Dex: 11    Spells: 11/17 levels left

rFire   . . .      SeeInvis .   g - +3 dagger
rCold   . . .      Faith    .   (no shield)
rNeg    . . .      Spirit   .   b - +0 robe
rPois   .          Reflect  .   c - +0 hat
rElec   .          Harm     .   n - +0 cloak
rCorr   .          Rampage  .   (no gloves)
Will    .....                   (no boots)
Stlth   ++........              (no amulet)
HPRegen 0.10/turn               (no ring)
MPRegen 0.13/turn               (no ring)

@: no status effects
A: fangs 1, strong nose, distributed training
a: no special abilities


You were on level 2 of the Dungeon.
You visited 1 branch of the dungeon, and saw 2 of its levels.

You collected 79 gold pieces.

Inventory:

Hand Weapons
 a - a +0 dagger
 g - a +3 dagger (weapon)
 k - a +0 spear
Missiles
 i - 10 stones
 j - 7 arrows
Armour
 b - a +0 robe (worn)
 c - a +0 hat (worn)
 m - a +0 scale mail
 n - a +0 cloak (worn)
Scrolls
 f - a scroll of fear {unknown}
 h - a scroll of noise {unknown}
 o - 2 scrolls of blinking {unknown}
 p - a scroll of teleportation {unknown}
Potions
 d - a potion of cancellation {unknown}
 e - a potion of curing {unknown}
 l - a potion of haste {unknown}
 q - a potion of mutation {unknown}


   Skills:
 + Level 1.1 Fighting
 + Level 1.1 Short Blades
 + Level 1.1 Long Blades
 + Level 1.1 Axes
 + Level 1.1 Maces & Flails
 + Level 1.1 Polearms
 + Level 1.1 Staves
 + Level 1.1 Slings
 + Level 1.1 Bows
 + Level 1.1 Crossbows
 + Level 1.1 Throwing
 + Level 1.1 Armour
 + Level 4.6 Dodging
 + Level 4.2 Stealth
 + Level 1.1 Shields
 + Level 1.1 Unarmed Combat
 + Level 7.2 Spellcasting
 + Level 2.2 Conjurations
 + Level 0.8 Hexes
 + Level 2.2 Summonings
 + Level 0.8 Necromancy
 + Level 2.2 Translocations
 + Level 0.8 Transmutations
 + Level 0.8 Fire Magic
 + Level 0.8 Ice Magic
 + Level 0.8 Air Magic
 + Level 0.8 Earth Magic
 + Level 0.8 Poison Magic
 + Level 1.2 Invocations
 + Level 1.1 Evocations


You had 11 spell levels left.
You knew the following spells:

 Your Spells              Type           Power      Damage    Failure   Level
a - Magic Dart            Conj           40%        1d5       6%          1
b - Blink                 Tloc           20%        N/A       9%          2
c - Call Imp              Summ           10%        N/A       9%          2
d - Slow                  Hex            24%        N/A       11%         1

Your spell library contained the following spells:

 Spells                   Type           Power      Damage    Failure   Level
 Apportation              Tloc           20%        N/A       6%          1
 Summon Small Mammal      Summ           40%        N/A       6%          1
 Animate Skeleton         Necr           12%        N/A       11%         1
 Conjure Flame            Conj/Fire      8%         6-21      24%         3
 Mephitic Cloud           Conj/Pois/Air  8%         N/A       26%         3


Dungeon Overview and Level Annotations

Branches:
Dungeon (2/15)

Altars:

Shops:
D:1 *


Innate Abilities, Weirdness & Mutations

You have very sharp teeth.
Your uncanny sense of smell can sniff out nearby items.
Your experience applies equally to all skills.


Message History

Okay, then.
Unknown command.
Casting: Slow (safe; 11% risk of failure)
Confirm with . or Enter, or press ? or * to list all spells.
Aiming: Slow (safe; 11% risk of failure)
Press: ? - help, Shift-Dir - straight line, f/p - gnoll
Aim: a gnoll, wielding a +0 halberd (lightly wounded, ally target, chance to affect: 51%)
The gnoll resists with significant effort.
Casting: Slow (safe; 11% risk of failure)
Confirm with . or Enter, or press ? or * to list all spells.
Aiming: Slow (safe; 11% risk of failure)
Press: ? - help, Shift-Dir - straight line, f/p - gnoll
Aim: a gnoll, wielding a +0 halberd (lightly wounded, ally target, chance to affect: 51%)
The gnoll resists with significant effort.
The gnoll hits you from afar with a +0 halberd!
Your crimson imp closely misses the gnoll.
The gnoll misses you.
Your crimson imp completely misses the gnoll.
You closely miss the gnoll.
The gnoll is lightly wounded.
The gnoll hits you but does no damage. The gnoll barely misses you.
Your crimson imp barely misses the gnoll.
You hit the gnoll.
The gnoll is moderately wounded.
The gnoll hits you with a +0 flail! The gnoll barely misses you.
Your crimson imp completely misses the gnoll.
You closely miss the gnoll.
The gnoll is moderately wounded.
The gnoll barely misses you.
Your crimson imp blinks!
You hit the gnoll but do no damage.
The gnoll is moderately wounded.
The gnoll hits you with a +0 flail.
You hit the gnoll.
The gnoll is moderately wounded.
The gnoll closely misses you.
You hit the gnoll.
The gnoll is moderately wounded.
The gnoll hits you from afar with a +0 halberd!
You die...

.. #.# #.## #. ..# #..#
#.#..#######.# ......#
..#.......#.## .......## #...#
#..... ...<....###### #..#
#####...
.............#####..####....<..
........####..g..5.....#.###...
........# #.gg@............#...
........###.######....####.....
............# #....# ###...
......g###### #....# #...
.###### #....# #... #....# #...
#....# ####


You could see 3 gnolls and a friendly crimson imp (summoned).

Vanquished Creatures
  Natasha (D:2)
  A worm (D:2)
  A dart slug (D:1)
  2 ball pythons (D:1)
  2 endoplasms (D:1)
  A giant cockroach (D:2)
  3 goblins
  2 hobgoblins
  A quokka (D:1)
  4 bats
  2 frilled lizards
  3 kobolds
  2 rats (D:1)
25 creatures vanquished.

Vanquished Creatures (collateral kills)
  Natasha (D:2)
1 creature vanquished.

Grand Total: 26 creatures vanquished

Notes
Turn   | Place    | Note
-------+----------+-------------------------------------------
     0 | D:1      | jimonade the Gnoll Hedge Wizard began the quest for the
                  | Orb.
     0 | D:1      | Reached XP level 1. HP: 13/13 MP: 8/8
   470 | D:1      | Reached XP level 2. HP: 14/19 MP: 6/10
   802 | D:1      | Found Dillypn's General Store.
  1522 | D:2      | Noticed Natasha
  1538 | D:2      | Killed Natasha
  1539 | D:2      | Reached skill level 1 in Invocations
  1539 | D:2      | Reached XP level 3. HP: 5/25 MP: 11/11
  1729 | D:2      | HP: 1/25 [worm (5)]
  2123 | D:1      | Learned a level 2 spell: Blink
  2126 | D:1      | Learned a level 2 spell: Call Imp
  2128 | D:1      | Learned a level 1 spell: Slow
  2220 | D:2      | Reached skill level 1 in Fighting
  2220 | D:2      | Reached skill level 1 in Short Blades
  2220 | D:2      | Reached skill level 1 in Long Blades
  2220 | D:2      | Reached skill level 1 in Axes
  2220 | D:2      | Reached skill level 1 in Maces & Flails
  2220 | D:2      | Reached skill level 1 in Polearms
  2220 | D:2      | Reached skill level 1 in Staves
  2220 | D:2      | Reached skill level 1 in Slings
  2220 | D:2      | Reached skill level 1 in Bows
  2220 | D:2      | Reached skill level 1 in Crossbows
  2220 | D:2      | Reached skill level 1 in Throwing
  2220 | D:2      | Reached skill level 1 in Armour
  2220 | D:2      | Reached skill level 1 in Shields
  2220 | D:2      | Reached skill level 1 in Unarmed Combat
  2220 | D:2      | Reached skill level 1 in Evocations
  2365 | D:2      | Noticed Natasha
  2375 | D:2      | Killed Natasha
  2376 | D:2      | Reached XP level 4. HP: 26/32 MP: 9/13
  2500 | D:2      | Slain by a gnoll

Illustrated notes

Levels and vault maps discovered:
D:1:      dpeg_arrival_circle_labyrinth_a, layout_basic, serial_shops, shop
D:2:      layout_rooms, minmay_misc_feat_rows, uniq_natasha

Skill      XL: |  1  2  3 |
---------------+----------+-----
Conjurations   | 2 |  2.2
Summonings     | 2 |  2.2
Translocations | 2 |  2.2
Invocations    | 1 |  1.2
Fighting       | 1 |  1.1
Short Blades   | 1 |  1.1
Long Blades    | 1 |  1.1
Axes           | 1 |  1.1
Maces & Flails | 1 |  1.1
Polearms       | 1 |  1.1
Staves         | 1 |  1.1
Slings         | 1 |  1.1
Bows           | 1 |  1.1
Crossbows      | 1 |  1.1
Throwing       | 1 |  1.1
Armour         | 1 |  1.1
Shields        | 1 |  1.1
Unarmed Combat | 1 |  1.1
Evocations     | 1 |  1.1
Dodging        | |  4.6
Stealth        | |  4.2
Spellcasting   | |  7.2
Hexes          | |  0.8
Necromancy     | |  0.8
Transmutations | |  0.8
Fire Magic     | |  0.8
Ice Magic      | |  0.8
Air Magic      | |  0.8
Earth Magic    | |  0.8
Poison Magic   | |  0.8

Action                   |  1- 3 |  4- 6 || total
-------------------------+-------+-------++-------
Melee: Dagger            |    42 |     6 ||    48
       Bite              |     9 |       ||     9
 Cast: Magic Dart        |    36 |       ||    36
       Slow              |     1 |     3 ||     4
       Call Imp          |     1 |     1 ||     2
 Stab: Sleeping          |     3 |       ||     3
Armor: Robe              |     3 |     1 ||     4
Dodge: Dodged            |    29 |     5 ||    34
